 Dungeon Crawl Stone Soup version 0.19.4 (webtiles) character file.

225 esteth the Chopper (level 5, -1/46 HPs)
             Began as a Deep Dwarf Fighter on Feb 1, 2017.
             Killed by divine providence
             ... invoked by an orc priest
              (11 damage)
             ... on level 3 of the Dungeon.
             The game lasted 00:04:41 (1292 turns).

esteth the Chopper (Deep Dwarf Fighter)             Turns: 1292, Time: 00:04:41

Health: -1/46      AC:  7    Str: 20    XL:     5   Next: 68%
Magic:  5/5        EV:  7    Int: 11    God:
Gold:   96         SH:  9    Dex: 13    Spells: 1 memorised, 1 level left

rFire  . . .     SeeInvis .     a - +1 war axe
rCold  . . .     Gourm    .     b - +1 scale mail
rNeg   . . .     Faith    .     c - +0 shield
rPois  .         Spirit   .     (no helmet)
rElec  .         Reflect  .     (no cloak)
rCorr  .         Harm     .     (no gloves)
MR     .....                    (no boots)
Stlth  ..........               (no amulet)
                                (no ring)
                                t - +3 ring of intelligence

@: lethally poisoned (-1 -> -1), non-regenerating
A: damage resistance, recharge devices, sense surroundings 1, slow regeneration
3
a: Device Recharging


You were on level 3 of the Dungeon.
You were not hungry.

You visited 1 branch of the dungeon, and saw 3 of its levels.

You collected 96 gold pieces.

Inventory:

Hand Weapons
 a - a +1 war axe (weapon)
Armour
 b - a +1 scale mail (worn)
 c - a +0 shield (worn)
Jewellery
 t - a +3 ring of intelligence (left hand)
 u - an uncursed ring of see invisible {unknown}
Wands
 e - a wand of heal wounds (1/9)
Scrolls
 i - a scroll of remove curse
 p - a scroll of fear
Potions
 d - a potion of might
 h - a potion of cancellation {unknown}
 m - a potion of berserk rage {unknown}
 n - a potion of ambrosia {unknown}
 o - a potion of brilliance {unknown}
 q - a potion of degeneration {unknown}
 s - a potion of curing {unknown}
Books
 r - a book of Necromancy

   Spells                             Type                      Level
   a - Pain                           Necromancy                   1
   b - Animate Skeleton               Necromancy                   1
   c - Vampiric Draining              Necromancy                   3
   d - Regeneration                   Charms/Necromancy            3
   e - Animate Dead                   Necromancy                   4
   f - Control Undead                 Necromancy                   4
Comestibles
 f - 2 bread rations
 g - 9 chunks of flesh
 k - a beef jerky


   Skills:
 - Level 2.6 Fighting
 - Level 5.0 Axes
 - Level 3.2 Armour
 - Level 3.2 Shields
 + Level 4.0 Necromancy


You had one spell level left.
You knew the following spells:

 Your Spells              Type           Power        Failure   Level  Hunger
a - Vampiric Draining     Necr           #.........   100%        3    ####...


Dungeon Overview and Level Annotations

Branches:
Dungeon (3/15)

Altars:


Innate Abilities, Weirdness & Mutations

You are resistant to damage.
You can recharge devices by infusing magical energy.
You passively map a small area around you.
You do not regenerate.


Message History

Beogh smites you!
You see here a jackal corpse.
The kobold shouts!
The kobold shouts!
You slash the orc!
You kill the orc!
You block the adder's attack.
The orc priest calls down the wrath of Beogh upon you.
Beogh smites you!
* * * LOW HITPOINT WARNING * * *
The orc priest hits you but does no damage.
You see here a whip.
You hit the orc priest.
The orc priest is moderately wounded.
You hit the adder. The adder bites you.
You are more poisoned.
The adder poisons you!
The orc priest invokes the aid of Beogh against you.
Beogh smites you!
You die...

,,,,,,,,*#.#.....≈##,,#.........#
,,,,,,,,,,.......≈≈#,,###..#....#
,,,,,.,#.,.%,....≈≈##..##>.#.....
,,,,,,.#.*#.,,..≈≈≈≈#..##..#..##.
,,,,,,,..##.###.≈≈≈≈#..##........
,,,,,,,,#...#...≈≈≈≈#..##..#####.
,,,,,,,,#..#.g#.Z≈≈##..#..## #.
,,,,,*,*#..†.g.So≈≈#..###.# #.
,,,,**,*#.g.####@.≈#..##..## ##
**,,**,*#.#.# #...#..#....#
*,,**,#..gg# #...K))#....#
**,,......o## #.....).....#
,,,,......#****#..#.##.....#
,,,,.....#**,..............#
,,,,.....* *..........#....#
,,,,....,***.........##[...#***
,,,,....,,,,.........##......,**


You could see an orc priest, an adder, 2 goblins, a kobold and a hound skeleton.

Vanquished Creatures
  A bullfrog (D:3)
  Robin (D:2)
  4 gnolls (D:3)
  2 adders
  4 worms
  A dart slug (D:3)
  A leopard gecko (D:1)
  3 orcs (D:3)
  4 giant cockroaches
  15 goblins
  9 hobgoblins
  2 jackals (D:3)
  3 quokkas (D:2)
  4 bats
  2 frilled lizards
  10 kobolds
  9 rats
75 creatures vanquished.

Notes
Turn   | Place    | Note
-------+----------+-------------------------------------------
     0 | D:1      | esteth the Deep Dwarf Fighter began the quest for the Orb.
     0 | D:1      | Reached XP level 1. HP: 20/20 MP: 1/1
     3 | D:1      | Noticed an electric eel
     3 | D:1      | Noticed an electric eel
   222 | D:1      | Reached skill level 3 in Axes
   222 | D:1      | Reached XP level 2. HP: 27/27 MP: 2/2
   742 | D:2      | Reached skill level 4 in Axes
   742 | D:2      | Reached XP level 3. HP: 26/33 MP: 3/3
   758 | D:2      | Found a faded altar of an unknown god.
   760 | D:2      | Noticed Robin
   776 | D:2      | Killed Robin
   776 | D:2      | Reached XP level 4. HP: 30/40 MP: 4/4
   999 | D:2      | Reached skill level 5 in Axes
  1054 | D:3      | Learned a level 3 spell: Vampiric Draining
  1091 | D:3      | Noticed a big kobold
  1092 | D:3      | Reached skill level 1 in Necromancy
  1093 | D:3      | Noticed a big kobold
  1247 | D:3      | Reached XP level 5. HP: 41/46 MP: 5/5
  1292 | D:3      | Killed from afar by an orc priest

Skill      XL: |  1  2  3  4  5 |
---------------+----------------+-----
Axes           | 3 4 5 |  5.0
Necromancy     | 2 4 |  4.0
Fighting       | |  2.6
Armour         | |  3.2
Shields        | |  3.2

Action                   |  1- 3 |  4- 6 || total
-------------------------+-------+-------++-------
Melee: War axe           |    93 |    87 ||   180
Evoke: Wand              |       |     4 ||     4
  Use: Scroll            |     6 |     2 ||     8
  Eat: Chunk             |       |     2 ||     2
Armor: Scale mail        |    53 |    39 ||    92
Dodge: Dodged            |    44 |    33 ||    77
Block: Shield            |    53 |    48 ||   101
